 Dungeon Sprint DCSS version 0.20.1-1-g8b1a95d (webtiles) character file.

21 Fang the Skirmisher (level 2, -2/31 HPs)
             Began as a Gargoyle Berserker on Oct 22, 2018.
             Was a Priest of Trog.
             Killed from afar by a deep elf mage (11 damage)
             ... with a sticky flame
             ... in the Dungeon (Sprint VII: "The Pits").
             The game lasted 00:00:23 (217 turns).

Fang the Skirmisher (Gargoyle Berserker)             Turns: 217, Time: 00:00:24

Health: -2/31      AC:  5    Str: 25    XL:     2   Next: 87%
Magic:  2/2        EV: 12    Int:  7    God:    Trog [***...]
Gold:   0          SH:  0    Dex:  9    Spells: 1/1 levels left

rFire    . . .     SeeInvis .   j - +2 hand axe
rCold    . . .     Gourm    .   (no shield)
rNeg     + . .     Faith    .   b - +0 animal skin
rPois    ∞         Spirit   .   (no helmet)
rElec    +         Reflect  .   (no cloak)
rCorr    .         Harm     .   (no gloves)
MR       .....     NoTele   +   (no boots)
Stlth    ..........             (no amulet)
Regen    0.1/turn               (no ring)
MPRegen  0.1/turn               (no ring)

@: berserking, liquid flames, glowing, very quick
A: negative energy resistance 1, electricity resistance, unbreathing,
petrification resistance, rot immunity, AC +2
a: Berserk, Trog's Hand, Burn Spellbooks, Renounce Religion


You were in the Dungeon.
You worshipped Trog.
Trog was most pleased with you.
You were not hungry.

You visited 1 branch

Inventory:

Hand Weapons
 j - a +2 hand axe (weapon)
Armour
 b - a +0 animal skin (worn)
Scrolls
 i - a scroll of blinking
 k - 3 scrolls of remove curse
 l - a scroll of summoning
Potions
 a - 2 potions of invisibility
 d - a potion of curing
 e - a potion of heal wounds
 f - a potion of haste
 g - 4 potions of magic
 h - 3 potions of berserk rage
Comestibles
 c - 8 bread rations
 m - 40 fruits
 n - 7 meat rations


   Skills:
 + Level 5.0 Fighting
 + Level 4.0 Axes
 + Level 2.9 Armour
 + Level 2.1 Dodging


You had one spell level left.
You didn't know any spells.

Dungeon Overview and Level Annotations

Branches:
Dungeon (1/1)

Altars:
Cheibriados
Dithmenos
Elyvilon
Fedhas
Gozag
Hepliaklqana
Makhleb
Nemelex Xobeh
Okawaru
Qazlal
Ru
Sif Muna
Trog
Vehumet
Xom
Yredelemnul
Zin
The Shining One
Beogh
Jiyva
Lugonu


Innate Abilities, Weirdness & Mutations

You are resistant to torment.
Your stone body is resilient. (AC +2)
You are immune to poison.
You resist negative energy. (rN+)
You are resistant to electric shocks. (rElec)
You can survive without breathing.
You are immune to petrification.
You are immune to rotting.


Message History

The quokka bites you but does no damage.
The deep elf mage gestures at you while chanting.
The sticky flame hits you!
You are covered in liquid flames!
You are too injured to fight recklessly!
Unknown command.
You are too injured to fight recklessly!
Unknown command.
You are too injured to fight recklessly!
Unknown command.
You miss the deep elf mage. You hit the worker ant.
You completely miss the quokka.
You are covered in liquid flames!
* * * LOW HITPOINT WARNING * * *
The worker ant bites you but does no damage.
The quokka bites you but does no damage.
The deep elf mage gestures at you while chanting.
The sticky flame hits you!
You are covered in liquid flames!
You die...

#..........†'.........
#+#####†#####......#..
#..#..# #.........
#..'..# ####'#####
#.)#### #.......#
#..#..# #.......#
#..#..# #.......#
##'#r.#+###...<...#
#.e@.....##.......#
#...a....##.......#
###########.......#
#########


You could see a deep elf mage, a worker ant and a quokka.

Vanquished Creatures
  A river rat (D)
  An adder zombie (D)
  2 leopard geckos (D)
  An orc (D)
  A goblin (D)
  A frilled lizard (D)
7 creatures vanquished.

Notes
Turn   | Place    | Note
-------+----------+-------------------------------------------
     0 | D        | Fang the Gargoyle Berserker began the quest for the Orb.
     0 | D        | Reached XP level 1. HP: 14/14 MP: 1/1
    14 | D        | Reached skill level 4 in Fighting
    14 | D        | Reached XP level 2. HP: 16/20 MP: 2/2
    76 | D        | Found a bloodstained altar of Trog.
    76 | D        | Found a deep blue altar of Sif Muna.
    76 | D        | Found a viscous altar of Jiyva.
    76 | D        | Found a hazy altar of Hepliaklqana.
    76 | D        | Found an opulent altar of Gozag.
    77 | D        | Found a glowing golden altar of the Shining One.
    77 | D        | Found a glowing silver altar of Zin.
    77 | D        | Found a basalt altar of Yredelemnul.
    77 | D        | Found a shimmering altar of Xom.
    77 | D        | Found a sacrificial altar of Ru.
    77 | D        | Found a stormy altar of Qazlal.
    77 | D        | Found an iron altar of Okawaru.
    77 | D        | Found a sparkling altar of Nemelex Xobeh.
    77 | D        | Found a burning altar of Makhleb.
    77 | D        | Found a blossoming altar of Fedhas.
    77 | D        | Found a white marble altar of Elyvilon.
    77 | D        | Found a shadowy altar of Dithmenos.
    77 | D        | Found a snail-covered altar of Cheibriados.
    79 | D        | Found a radiant altar of Vehumet.
    79 | D        | Found a corrupted altar of Lugonu.
    79 | D        | Found a roughly hewn altar of Beogh.
   124 | D        | Reached ** piety under Trog
   201 | D        | Reached skill level 5 in Fighting
   208 | D        | Noticed a deep elf mage
   213 | D        | Reached *** piety under Trog
   217 | D        | Killed from afar by a deep elf mage

Skill      XL: |  1  2 |
---------------+-------+-----
Fighting       | 4 5 |  5.0
Axes           | 3 4 |  4.0
Dodging        | 2 |  2.1
Armour         | |  2.9

Action                   || total
-------------------------++-------
Melee: Hand axe          ||    26
Invok: Berserk           ||     1
Armor: Animal skin       ||    12
Dodge: Dodged            ||    17
